 Dungeon Crawl Stone Soup version 0.29.1-12-g30fa7ad0bf (webtiles) character file.

Game seed: 8433689221592500959

138 FaviusArthum the Conjurer (level 5, -6/28 HPs)
             Began as a Deep Elf Conjurer on Jan 13, 2023.
             Mangled by a gnoll
             ... wielding a +0 halberd
              (15 damage)
             ... on level 3 of the Dungeon.
             The game lasted 00:16:29 (5090 turns).

FaviusArthum the Conjurer (Deep Elf Conjurer)       Turns: 5090, Time: 00:16:29

Health: -6/28      AC:  2    Str:  4    XL:     5   Next: 1%
Magic:  7/14       EV: 12    Int: 25    God:
Gold:   75         SH:  0    Dex: 13    Spells: 3/13 levels left

rFire   . . .      SeeInvis .   m - +1 dagger
rCold   . . .      Faith    .   (no shield)
rNeg    . . .      Spirit   .   a - +0 robe
rPois   .          Reflect  .   (no helmet)
rElec   .          Harm     .   (no cloak)
rCorr   .          Rampage  .   (no gloves)
Will    .....                   (no boots)
Stlth   ++........              (no amulet)
HPRegen 0.09/turn               s - ring of wizardry
MPRegen 0.14/turn               (no ring)

@: no status effects
A: no striking features
a: no special abilities


You were on level 3 of the Dungeon.
You visited 1 branch of the dungeon, and saw 3 of its levels.

You collected 75 gold pieces.

Inventory:

Hand Weapons
 d - a +0 short sword
 m - a +1 dagger (weapon)
Armour
 a - a +0 robe (worn)
 o - a +1 chain mail of positive energy
Jewellery
 l - a ring of fire
 s - a ring of wizardry (left hand)
Scrolls
 h - a scroll of enchant weapon
 n - a scroll of immolation
 p - a scroll of teleportation
 q - a scroll of fear
 r - a scroll of fog
Potions
 b - a potion of magic
 c - a potion of berserk rage {unknown}
 e - a potion of cancellation {unknown}
 f - 2 potions of lignification
 g - 2 potions of curing {unknown}
 i - a potion of invisibility {unknown}
 j - 2 potions of ambrosia {unknown}
 k - a potion of mutation {unknown}


   Skills:
 + Level 2.6 Dodging
 + Level 3.4 Stealth
 + Level 4.7 Spellcasting
 + Level 5.7 Conjurations


You had 3 spell levels left.
You knew the following spells:

 Your Spells              Type           Power      Damage    Failure   Level
a - Magic Dart            Conj           100%       1d8       1%          1
b - Searing Ray           Conj           68%        2d6       1%          2
c - Fulminant Prism       Conj/Hex       10%        3d9       11%         4
d - Conjure Flame         Conj/Fire      20%        6-21      3%          3

Your spell library contained the following spells:

 Spells                   Type           Power      Damage    Failure   Level
 Foxfire                  Conj/Fire      80%        2x1d8     1%          1
 Sting                    Tmut/Pois      20%        1d4       3%          1
 Dazzling Flash           Conj/Hex       40%        N/A       3%          3
 Poisonous Vapours        Pois/Air       10%        N/A       5%          2
 Inner Flame              Hex/Fire       5%         N/A       11%         3
 Flame Wave               Conj/Fire      20%        2d7       11%         4
 Iskenderun's Mystic Bla  Conj/Tloc      20%        2d6       11%         4
 Olgreb's Toxic Radiance  Pois           5%         N/A       32%         4


Dungeon Overview and Level Annotations

Branches:
Dungeon (3/15)

Altars:

Shops:
D:3 ?


Message History

You hear a shout! x2
A gnoll comes into view. It is wielding a +0 spear.
The gnoll shouts!
Casting: Magic Dart (safe; 1% risk of failure)
Confirm with . or Enter, or press ? or * to list all spells.
The fire begins to smoulder!
The gnoll smothers the flame.
The gnoll hits you from afar with a +0 halberd.
The gnoll hits you with a +0 flail. The gnoll attacks as you move away!
The gnoll barely misses you.
Casting: Conjure Flame (dangerous; 3% risk of failure)
Confirm with . or Enter, or press ? or * to list all spells.
Aiming: Searing Ray (safe; 1% risk of failure)
Press: ? - help, Shift-Dir - straight line, f - gnoll
Aim: a gnoll, wielding a +0 flail and wearing a +0 ring mail (86% to hit)
The searing ray hits the gnoll!
The gnoll is severely wounded. (Press . to maintain the ray.)
The gnoll completely misses you.
Casting: Searing Ray (safe; 1% risk of failure)
Confirm with . or Enter, or press ? or * to list all spells.
Restarting spell: Searing Ray (safe; 1% risk of failure)
Press: ? - help, Shift-Dir - straight line, f/p - gnoll
Aim: a gnoll, wielding a +0 flail and wearing a +0 ring mail (severely wounded, 86% to hit)
The searing ray hits the gnoll but does no damage.
The gnoll is severely wounded. (Press . to maintain the ray.)
The gnoll hits you with a +0 flail.
The gnoll hits you from afar with a +0 halberd!
Casting: Searing Ray (safe; 1% risk of failure)
Confirm with . or Enter, or press ? or * to list all spells.
Aiming: Magic Dart (safe; 1% risk of failure)
Press: ? - help, Shift-Dir - straight line, f/p - gnoll
Aim: a gnoll, wielding a +0 flail and wearing a +0 ring mail (severely wounded, 100% to hit)
The magic dart hits the gnoll.
The gnoll is almost dead.
The gnoll misses you.
The gnoll hits you from afar with a +0 halberd!
Ouch! That really hurt!
You die...

.# #..........# .#
#..........# ##
###........g.#
..<..#..........#
...#.#..........####
...#.#.............#
..##.#..........##.#
.....##†...#######g#
........#..#^...@g.#
...)....#..#.#######
...........#.#
........##.#.#
..<).....#.#.#
...........#.#
.............#
#########.####
..........#


You could see 2 gnolls.

Vanquished Creatures
  Jessica (D:3)
  5 adders
  3 worms (D:2)
  2 dart slugs
  An orc (D:3)
  3 bats
  2 endoplasms
  A giant cockroach (D:2)
  6 goblins
  7 hobgoblins
  3 jackals (D:1)
  3 quokkas (D:2)
  6 ball pythons
  2 frilled lizards
  2 kobolds
  6 rats
53 creatures vanquished.

Notes
Turn   | Place    | Note
-------+----------+-------------------------------------------
     0 | D:1      | FaviusArthum the Deep Elf Conjurer began the quest for the
                  | Orb.
     0 | D:1      | Reached XP level 1. HP: 10/10 MP: 6/6
   403 | D:1      | Reached XP level 2. HP: 15/15 MP: 5/8
   406 | D:1      | Learned a level 2 spell: Searing Ray
   697 | D:1      | Reached skill level 5 in Conjurations
  1596 | D:2      | Reached XP level 3. HP: 19/19 MP: 5/9
  3952 | D:3      | Reached XP level 4. HP: 24/24 MP: 7/11
  4122 | D:3      | Learned a level 4 spell: Fulminant Prism
  4156 | D:3      | Found Meufiq's Magic Scroll Shoppe.
  4186 | D:3      | Learned a level 3 spell: Conjure Flame
  4539 | D:3      | Noticed Jessica
  4543 | D:3      | Killed Jessica
  4910 | D:3      | Reached XP level 5. HP: 28/28 MP: 9/14
  5090 | D:3      | Mangled by a gnoll

Illustrated notes

Levels and vault maps discovered:
D:1:      lightli_molten_gateway, layout_loops_corners,
          hangedman_decor_clover_reticule, minmay_crystal_room
D:2:      minmay_evil_eye, layout_loops_corners
D:3:      layout_basic, serial_shops, nicolae_shop_waterfront,
          chequers_serial_rivers_micro_d, corner_web_ring, uniq_jessica

Skill      XL: |  1  2  3  4 |
---------------+-------------+-----
Conjurations   | 5 |  5.7
Spellcasting   | 4 |  4.7
Stealth        | 3 |  3.4
Dodging        | |  2.6

Action                   |  1- 3 |  4- 6 || total
-------------------------+-------+-------++-------
Melee: Short sword       |     1 |       ||     1
 Cast: Magic Dart        |    62 |    24 ||    86
       Searing Ray       |    16 |     8 ||    24
       Conjure Flame     |       |     2 ||     2
  Use: Scroll            |     3 |     4 ||     7
Armor: Robe              |     1 |       ||     1
Dodge: Dodged            |       |     4 ||     4
